 Dungeon Crawl Stone Soup version 0.21-a0-273-g0785366 (webtiles) character file.

444595 4thArraOfDagon the Black Belt (level 22, -12/247 HPs)
             Began as a Demonspawn Fire Elementalist on Sept 16, 2017.
             Was the Champion of Cheibriados.
             Mangled by a bennu (20 damage)
             ... while paralysed by a lich
             ... on level 1 of the Tomb of the Ancients on Sept 17, 2017.
             The game lasted 01:57:29 (15624 turns).

4thArraOfDagon the Black Belt (DsFE)               Turns: 15624, Time: 01:57:30

Health: -12/247    AC: 47    Str: 24 (25) XL:     22   Next: 77%
Magic:  43/43      EV:  2    Int: 39      God:    Cheibriados [******]
Gold:   719        SH:  0    Dex: 33      Spells: 8/45 levels left

rFire    + . .     SeeInvis +     - Unarmed
rCold    + . .     Gourm    .   (no shield)
rNeg     + + +     Faith    .   (armour currently unavailable)
rPois    ∞         Spirit   .   U - +0 mask of the Dragon {MR+ Slay+3 SInv}
rElec    +         Reflect  .   e - +2 ratskin cloak {+Rats rPois rN+ Str-1 Int-1 Dex+1}
rCorr    .         Harm     .   (gloves currently unavailable)
MR       ++...                  (boots unavailable)
Stlth    +++.......             M - amulet of Vitality {Regen+ HP+15}
HPRegen  1.31/turn              J - ring "Kimu Yqu" {rF+ MP+9 Int+4}
MPRegen  0.28/turn              B - ring of Phasing {EV+8}

@: paralysed, statue-form, slowed, studying Hexes, very slow
A: hooves 3, cold resistance 1, icemail, low mp 1, negative energy resistance 1,
powered by pain 2, regeneration 1, wild magic 3, evolution 1, freezing cloud
immunity
}: 3/15 runes: decaying, silver, gossamer
a: End Transformation, Bend Time, Temporal Distortion, Slouch, Step From Time,
Renounce Religion, Evoke Ratskin


You were on level 1 of the Tomb of the Ancients.
You worshipped Cheibriados.
Cheibriados was exalted by your worship.
You were not hungry.
You were a stone statue.
You visited 9 branches of the dungeon, and saw 40 of its levels.
You also visited: Labyrinth, Bailey and Ice Cave.

You collected 2832 gold pieces.
You spent 2113 gold pieces at shops.

Inventory:

Missiles
 H - a throwing net (quivered)
Armour
 a - the +1 robe "Xekum" {rElec rC+ Slay+3, unknown}
   (You found it on level 4 of the Vaults)

   It affects your accuracy and damage with ranged weapons and melee attacks
   (+3).
   It protects you from cold.
   It insulates you from electricity.
 b - the +3 pair of gauntlets of War (melded) {Slay+5}
   (You found it on level 3 of the Crypt)

   It affects your accuracy and damage with ranged weapons and melee attacks
   (+5).
 e - the +2 ratskin cloak (worn) {+Rats rPois rN+ Str-1 Int-1 Dex+1}
   (You found it on level 3 of the Crypt)

   It affects your strength (-1).
   It affects your intelligence (-1).
   It affects your dexterity (+1).
   It protects you from poison.
   It protects you from negative energy.
 A - a +4 troll leather armour (melded)
 I - the +0 helmet "Intekynu" {*Contam +Inv rF+ Regen+}
   (You found it on level 12 of the Dungeon)

   It protects you from fire.
   It lets you turn invisible.
   It causes magical contamination when unequipped.
   It increases your rate of regeneration.
 R - a +2 cloak of magic resistance
 U - the +0 mask of the Dragon (worn) {MR+ Slay+3 SInv}
   (You found it on level 4 of the Vaults)

   It affects your accuracy and damage with ranged weapons and melee attacks
   (+3).
   It affects your resistance to hostile enchantments.
   It lets you see invisible.
Jewellery
 d - an uncursed ring of flight
 q - a ring of the Octopus King {rC+ AC+1 EV+1 Str+1 Int+1 Dex+1}
   (You found it on level 1 of the Crypt)

   [ring of protection from cold]

   It affects your AC (+1).
   It affects your evasion (+1).
   It affects your strength (+1).
   It affects your intelligence (+1).
   It affects your dexterity (+1).
   It protects you from cold.
 s - an uncursed ring of protection from fire
 B - the ring of Phasing (right hand) {EV+8}
   (You took it off a deep elf mage on level 3 of the Elven Halls)

   [ring of evasion]

   It affects your evasion (+8).
 J - the ring "Kimu Yqu" (left hand) {rF+ MP+9 Int+4}
   (You found it on level 1 of the Crypt)

   [ring of magical power]

   It affects your intelligence (+4).
   It protects you from fire.
   It affects your magic capacity (+9).
 K - an uncursed ring of wizardry
 M - the amulet of Vitality (around neck) {Regen+ HP+15}
   (You bought it in a shop on level 1 of the Orcish Mines)

   [amulet of regeneration]

   It affects your health (+15).
   It increases your rate of regeneration.
 Z - the ring "Reutucya" {*Corrode rPois rC+ rN++ Dex+4}
   (You found it on level 1 of the Crypt)

   [ring of protection from cold]

   It affects your dexterity (+4).
   It protects you from cold.
   It protects you from poison.
   It greatly protects you from negative energy.
   It may corrode you when you take damage.
Wands
 E - a wand of paralysis (3/24)
 X - a wand of digging (11/24)
Scrolls
 j - 14 scrolls of remove curse
 n - 6 scrolls of blinking
 o - 3 scrolls of recharging
 v - 4 scrolls of immolation
 w - a scroll of holy word
 x - 5 scrolls of magic mapping
 y - 8 scrolls of fog
 z - 5 scrolls of fear
 F - 12 scrolls of teleportation
 O - 4 scrolls of silence
 P - 3 scrolls of vulnerability
Potions
 h - 6 potions of brilliance
 i - 6 potions of might
 k - 7 potions of mutation
 p - 17 potions of curing
 r - 3 potions of ambrosia
 t - 6 potions of heal wounds
 u - 4 potions of agility
 G - 4 potions of flight
 L - a potion of invisibility
 T - 2 potions of magic
 Y - a potion of resistance
Books
 f - a manual of Hexes
 D - a book of the Earth

   Spells                             Type                      Level
   a - Leda's Liquefaction            Hexes/Earth                  4
   b - Bolt of Magma                  Conjuration/Fire/Earth       5
   c - Statue Form                    Transmutation/Earth          6
   d - Iron Shot                      Conjuration/Earth            6
   e - Shatter                        Earth                        9
Miscellaneous
 g - 3 phantom mirrors
 Q - a lightning rod (4/4)
 S - a lamp of fire
 V - a fan of gales
 W - a phial of floods
Comestibles
 c - 10 bread rations
 m - 11 meat rations


   Skills:
 + Level 15.0 Fighting
 + Level 13.8 Dodging
 - Level 1.7 Stealth
 * Level 19.5 Unarmed Combat
 + Level 12.4 Spellcasting
 - Level 1.0 Conjurations
 - Level 3.0 Charms
 - Level 3.0 Necromancy
 * Level 10.2 Translocations
 - Level 10.7 Transmutations
 - Level 2.6 Fire Magic
 - Level 10.8 Earth Magic
 + Level 18.7 Invocations
 - Level 8.5 Evocations


You had 8 spell levels left.
You knew the following spells:

 Your Spells              Type           Power        Failure   Level  Hunger
a - Controlled Blink      Tloc           N/A          95%         8    ######.
b - Blink                 Tloc           N/A          1%          2    None
c - Conjure Flame         Conj/Fire      ######..     10%         3    None
d - Regeneration          Chrm/Necr      ######....   8%          3    None
e - Passage of Golubria   Tloc           N/A          3%          4    None
f - Statue Form           Tmut/Erth      ########.    12%         6    ###....
g - Apportation           Tloc           ######       1%          1    None
h - Sublimation of Blood  Necr           ######....   5%          2    None
i - Silence               Hex/Air        #####.....   65%         5    None
j - Lesser Beckoning      Tloc           ########..   1%          3    None


Dungeon Overview and Level Annotations

Branches:
Dungeon (14/15)              Lair (4/6) D:10          Swamp (4/4) Lair:3
 Spider (4/4) Lair:2          Orc (2/2) D:11            Elf (3/3) Orc:2
 Vaults (5/5) D:13          Crypt (3/3) Vaults:2       Tomb (1/3) Crypt:3
 Temple: D:4-7

Altars:
Cheibriados
Elyvilon
Gozag
Kikubaaqudgha
Makhleb
Qazlal
Trog
Uskayaw
Vehumet
Yredelemnul
Beogh

Shops:
D:4 }   D:11 ?   Orc:1 =   Orc:2 [[*:[   Vaults:4 !   Vaults:5 ???

Portals:
Trove: D:14 (give 18 potions of curing)

Annotations:
D:3 4thArraOfDagon's ghost, weakling DsFE
Vaults:2 CROT}
Crypt:1 1 transporter


Innate Abilities, Weirdness & Mutations

You have hooves in place of feet.
((You are completely covered in iridescent scales. (AC +6)))
Your flesh is cold resistant. (rC+)
A meltable icy envelope protects you from harm. (AC +10)
You resist negative energy. (rN+)
You sometimes gain power by taking damage.
You are immune to freezing clouds.
Your magical capacity is low. (-10% MP)
Your natural rate of healing is unusually fast.
Your spells are much harder to cast, but much more powerful.
You evolve.


Message History

The bennu pecks you but does no damage. The bennu claws you!
* * * LOW HITPOINT WARNING * * *
The bennu barely misses you.
The death scarab bites you but does no damage.
The lich points at you and mumbles some strange words.
You easily resist.
The bennu pecks you but does no damage. The bennu claws you!
* * * LOW HITPOINT WARNING * * *
The bennu claws you.
* * * LOW HITPOINT WARNING * * *
The bennu pecks you but does no damage.
The bennu claws you but does no damage. x2
The death scarab bites you but does no damage.
The death scarab waves its antennae.
The death scarab bites you but does no damage. x2
The death scarab bites you!
* * * LOW HITPOINT WARNING * * *
The lich touches you but does no damage.
The bennu pecks you.
* * * LOW HITPOINT WARNING * * *
The bennu sears you!!
You die... .........# .........# .........# ......W..##### .....sssW.... ....Msssss. #..MsbLb#

##'ZMs8##
#...s.s.#
#.8.s.8.#
#.......#
#.......#
#.8...8.#
#.......#
#.......#
#.8...8.#


You could see a greater mummy, an emperor scorpion, a lich, 2 bennus, a mummy
priest, a flayed ghost, a guardian mummy, a freezing wraith, 12 death scarabs
and a frost giant skeleton.

Vanquished Creatures
  3 ancient liches
  A greater mummy (Tomb:1)
  Margery (Vaults:4)
  3 golden dragons (Vaults:5)
  Nikola (Swamp:1)
  A bone dragon (Crypt:3)
  Arachne (Spider:3)
  The ghost of Dominolapin the Dancer, an adept HaAs of Uskayaw (Vaults:2)
  An Ice Fiend (IceCv)
  2 tentacled monstrosities (Vaults:5)
  4 liches
  A quicksilver dragon (Vaults:5)
  4 deep elf master archers (Elf:3)
  4 deep elf blademasters (Elf:3)
  7 titans (Vaults:5)
  An ancient champion (Vaults:2)
  A thorn hunter (Swamp:4)
  6 sphinxes
  3 storm dragons
  The ghost of zero the Severer, an adept GrBe of Trog (Spider:1)
  12 deep elf sorcerers
  4 revenants
  6 frost giants
  2 iron dragons (Vaults:5)
  7 tengu reavers
  4 fire giants
  7 emperor scorpions
  8 vault wardens
  A ghost moth (Spider:4)
  8 deep elf elementalists
  4 curse skulls
  13 ironheart preservers
  3 cacodemons (Crypt:1)
  2 ghouls
  3 war gargoyles
  4 vampire knights
  An entropy weaver (shapeshifter) (Vaults:5)
  9 stone giants
  4 very ugly things
  3 entropy weavers
  9 deep elf demonologists
  14 deep elf annihilators
  2 spark wasps (Spider:4)
  8 deep elf death magi
  4 eidola
  4 ettins
  3 mummy priests (Tomb:1)
  A quicksilver dragon zombie (Crypt:3)
  8 deep elf high priests
  The ghost of Armakuni the Cruncher, a journeyman HuSu of Gozag (Lair:3)
  2 jiangshi (Crypt:3)
  A minotaur (Lab)
  Josephine (D:14)
  18 hydras
  10 yaktaur captains
  A great orb of eyes (Vaults:2)
  25 vault guards
  A centaur warrior (Vaults:2)
  3 death knights
  2 ghost crabs
  An ice dragon (D:13)
  3 alligators
  30 two-headed ogres
  8 ogre magi
  15 death scarabs
  4 death yaks (Lair:4)
  A tengu warrior (D:14)
  6 orc high priests (Orc:2)
  8 dancing weapons
  7 vampire magi
  A deep troll earth mage (Vaults:3)
  3 soul eaters (Crypt:2)
  14 deep elf knights
  2 titan skeletons
  4 hell knights (Vaults:4)
  2 unseen horrors
  A spriggan druid (Swamp:4)
  2 storm dragon skeletons
  3 small abominations
  3 shadow wraiths
  A glowing orange brain (Vaults:4)
  4 deep trolls
  5 flayed ghosts
  An anaconda zombie (Crypt:3)
  22 skeletal warriors
  12 ironbrand convokers
  2 spectral wolf spiders (Spider:4)
  A ghost moth zombie (Crypt:3)
  3 wizards
  A shambling mangrove (Swamp:3)
  A golden dragon skeleton (Crypt:3)
  7 swamp dragons
  12 deep elf archers
  4 wolf spider zombies
  A necromancer (Vaults:2)
  7 orc knights
  An iron dragon zombie (Crypt:3)
  4 harpies (Vaults:2)
  9 phantasmal warriors
  5 orb spiders
  2 large abominations
  47 deep elf magi
  15 wolf spiders
  4 cyclopes
  A shadow dragon skeleton (Crypt:3)
  An orc sorcerer (Vaults:3)
  14 ugly things
  An orc zombie (Vaults:2)
  4 fire giant skeletons (Crypt:3)
  2 moths of wrath
  A black mamba (Lair:3)
  2 ice statues (IceCv)
  A dire elephant zombie (Crypt:3)
  A naga mage (Vaults:4)
  3 spiny frogs
  12 vault sentinels
  6 gargoyles
  An emperor scorpion zombie (Crypt:3)
  4 tengu conjurers
  4 rime drakes
  An alligator snapping turtle skeleton (Crypt:1)
  3 spectral redbacks (Spider:4)
  24 yaktaurs
  4 komodo dragons
  9 demonic crawlers
  A guardian mummy (Tomb:1)
  10 ice devils (IceCv)
  4 redback zombies (Spider:4)
  A catoblepas skeleton (Crypt:3)
  6 freezing wraiths
  A harpy zombie (Crypt:2)
  An anaconda simulacrum (IceCv)
  A yaktaur skeleton (Vaults:2)
  A sea snake skeleton (Crypt:2)
  7 trolls
  A meliai (shapeshifter) (Elf:2)
  3 tyrant leeches
  14 hornets
  3 hydra skeletons
  A queen bee (D:11)
  A spectral jumping spider (Spider:4)
  7 spectral tarantellas (Spider:4)
  5 bog bodies
  22 jumping spiders
  6 meliai
  3 blink frogs (Lair:1)
  An ice dragon zombie (Crypt:3)
  2 tarantella zombies (Spider:4)
  28 slime creatures
  A wind drake (shapeshifter) (Vaults:3)
  A stone giant simulacrum (Vaults:2)
  4 hippogriffs
  A jumping spider zombie (Spider:4)
  An ettin zombie (Crypt:3)
  6 fire dragon skeletons (Crypt:3)
  32 redbacks
  4 shadows
  13 tarantellas
  2 wyverns (D:14)
  A dire elephant simulacrum (IceCv)
  3 air elementals
  2 ice dragon skeletons (Crypt:3)
  22 yaks
  A yak (shapeshifter) (Elf:1)
  10 wraiths
  6 vampires
  4 fire elementals
  A hog (shapeshifter) (Vaults:2)
  A black mamba skeleton (Crypt:1)
  A basilisk (D:12)
  4 spriggans (Swamp:3)
  A water elemental (Elf:1)
  2 golden eyes (shapeshifter)
  9 hungry ghosts
  13 swamp worms
  8 vampire mosquitoes
  7 wargs (Orc:2)
  A soldier ant (D:11)
  3 harpy simulacra (IceCv)
  An acid dragon (D:14)
  2 hydra simulacra (IceCv)
  A floating eye (shapeshifter) (Vaults:5)
  6 insubstantial wisps (Swamp:1)
  2 iron troll simulacra (IceCv)
  2 porcupines
  6 water moccasins
  A monstrous demonspawn skeleton (Crypt:2)
  2 spectral hornets (Spider:4)
  30 orc warriors
  Duvessa (D:7)
  2 swamp drakes
  A phantom (D:4)
  A hornet zombie (Spider:4)
  2 sky beasts
  37 ogres
  An eye of draining (shapeshifter) (D:9)
  An ice beast (D:12)
  An ettin simulacrum (IceCv)
  A black bear (D:12)
  7 centaurs
  8 boggarts
  5 crocodiles
  4 big kobolds
  6 bullfrogs
  2 elf zombies (D:12)
  2 earth elementals (Elf:3)
  Dowan (D:7)
  6 scorpions
  A wyvern skeleton (D:14)
  A scorpion (shapeshifter) (Vaults:5)
  A warg skeleton (Crypt:1)
  19 killer bees
  2 howler monkeys (D:12)
  10 wights
  2 electric eels (Elf:3)
  3 bullfrog zombies
  A crimson imp (D:5)
  3 centaur zombies
  18 hounds
  11 jellies
  13 orc wizards
  6 human zombies
  32 orc priests
  A bullfrog skeleton (D:5)
  2 human skeletons
  4 centaur skeletons
  An iguana (D:5)
  7 worker ants
  A killer bee zombie (Crypt:2)
  An ogre zombie (D:12)
  A hound zombie (D:9)
  5 mummies
  2 hound skeletons (D:8)
  A worker ant zombie (D:9)
  Robin (D:3)
  17 gnolls
  12 adders
  3 shadow imps
  14 oozes (D:13)
  2 worms (D:3)
  3 dart slugs
  4 leopard geckos
  93 orcs
  4 giant cockroaches
  20 hobgoblins
  2 jackals (D:3)
  4 quokkas
  2 ball pythons
  A ball python zombie (Crypt:2)
  6 bats
  4 frilled lizards
  27 goblins
  24 kobolds
  2 leopard gecko skeletons
  A leopard gecko zombie (D:6)
  An orc skeleton (Crypt:2)
  4 rats
  3 crawling corpses
  A plant (D:10)
1499 creatures vanquished.

Vanquished Creatures (others)
  2 deep elf death magi (Crypt:1)
  A deep elf high priest (Elf:3)
  A swamp dragon (Swamp:4)
  A demonic crawler (Spider:3)
  A slime creature (Swamp:3)
  A swamp drake (Swamp:4)
  2 orcs (Vaults:3)
  5 fungi
  3 plants
  5 withered plants (Crypt:3)
22 creatures vanquished.

Grand Total: 1521 creatures vanquished

Notes
Turn   | Place    | Note
-------+----------+-------------------------------------------
     0 | D:1      | 4thArraOfDagon the Demonspawn Fire Elementalist began the quest for the Orb.
     0 | D:1      | Reached XP level 1. HP: 13/13 MP: 3/3
    52 | D:1      | Reached skill level 1 in Unarmed Combat
   125 | D:1      | Gained mutation: You have large cloven feet. [demonic ancestry]
   125 | D:1      | Reached XP level 2. HP: 15/20 MP: 0/5
   131 | D:1      | Reached skill level 1 in Fighting
   382 | D:2      | Gained mutation: You have hoof-like feet. [demonic ancestry]
   382 | D:2      | Reached XP level 3. HP: 26/26 MP: 2/6
   415 | D:2      | Reached skill level 2 in Unarmed Combat
   588 | D:3      | Found a burning altar of Makhleb.
   597 | D:3      | Found a hide-covered altar of Uskayaw.
   597 | D:3      | Found a snail-covered altar of Cheibriados.
   640 | D:3      | Became a worshipper of Cheibriados the Contemplative
   678 | D:3      | Gained mutation: You have hooves in place of feet. [demonic ancestry]
   678 | D:3      | Reached XP level 4. HP: 33/33 MP: 4/7
   734 | D:3      | Noticed 4thArraOfDagon's ghost (weakling DsFE)
   749 | D:4      | Noticed a phantom
   771 | D:4      | Killed a phantom
   771 | D:4      | Reached skill level 3 in Unarmed Combat
   771 | D:4      | Gained mutation: Your flesh is cold resistant. (rC+) [demonic ancestry]
   771 | D:4      | Reached XP level 5. HP: 21/39 MP: 0/8
   817 | D:4      | Noticed an ogre
   834 | D:4      | Killed an ogre
   834 | D:4      | Reached skill level 4 in Unarmed Combat
   850 | D:4      | Reached XP level 6. HP: 43/47 MP: 6/9
   895 | D:3      | Noticed Robin
   921 | D:3      | Reached * piety under Cheibriados
   945 | D:3      | Killed Robin
  1338 | D:4      | Gained mutation: You are resistant to hostile enchantments. (MR+) [potion of mutation]
  1338 | D:4      | Gained mutation: You possess an exceptional clarity of mind. [potion of mutation]
  1338 | D:4      | Gained mutation: Your spells are a little harder to cast, but a little more powerful. [potion of mutation]
  1338 | D:4      | Gained mutation: Your spells are harder to cast, but more powerful. [potion of mutation]
  1353 | D:5      | Entered Level 5 of the Dungeon
  1421 | D:5      | Reached skill level 1 in Invocations
  1467 | D:4      | Found Nyane's Gadget Shop.
  1505 | D:4      | Reached ** piety under Cheibriados
  1558 | D:3      | Found a white marble altar of Elyvilon.
  1589 | D:4      | Reached skill level 5 in Unarmed Combat
  1589 | D:4      | Gained mutation: You are partially covered in iridescent scales. (AC +2) [demonic ancestry]
  1589 | D:4      | Reached XP level 7. HP: 46/53 MP: 6/10
  1610 | D:4      | Learned a level 2 spell: Blink
  2054 | D:6      | Reached skill level 6 in Unarmed Combat
  2054 | D:6      | Reached XP level 8. HP: 61/61 MP: 11/11
  2103 | D:6      | Reached *** piety under Cheibriados
  2149 | D:7      | Learned a level 3 spell: Conjure Flame
  2247 | D:7      | Reached skill level 5 in Fighting
  2368 | D:7      | Found a flagged portal.
  2389 | D:7      | Reached skill level 7 in Unarmed Combat
  2392 | Bailey   | Entered a bailey
  2427 | Bailey   | Reached skill level 5 in Invocations
  2449 | Bailey   | Reached **** piety under Cheibriados
  2561 | Bailey   | Reached XP level 9. HP: 68/68 MP: 9/13
  2680 | Bailey   | Reached ***** piety under Cheibriados
  2743 | Bailey   | Noticed an orc knight
  2759 | Bailey   | Killed an orc knight
  2759 | Bailey   | Reached skill level 8 in Unarmed Combat
  2791 | Bailey   | Reached skill level 5 in Dodging
  2866 | Bailey   | Noticed an orc warlord
  3031 | D:7      | Noticed Duvessa
  3038 | D:7      | Noticed Dowan
  3042 | D:7      | Killed Duvessa
  3045 | D:7      | Killed Dowan
  3306 | D:8      | Noticed a two-headed ogre
  3312 | D:8      | Killed a two-headed ogre
  3312 | D:8      | Reached skill level 9 in Unarmed Combat
  3312 | D:8      | Gained mutation: You are immune to freezing clouds. [demonic ancestry]
  3312 | D:8      | Reached XP level 10. HP: 77/77 MP: 12/15
  3508 | D:9      | Noticed a two-headed ogre
  3518 | D:9      | Killed a two-headed ogre
  3680 | D:9      | Found a burning altar of Makhleb.
  3699 | D:9      | Killed an unseen horror
  3699 | D:9      | Reached skill level 10 in Unarmed Combat
  3778 | D:9      | Identified the Papyrus of Necromancy and Snow
  3783 | D:9      | Learned a level 3 spell: Regeneration
  3784 | D:9      | Identified Huargh's Guide on the Unholy Traveller
  3790 | D:9      | Learned a level 4 spell: Passage of Golubria
  3814 | D:9      | Gained mutation: You evolve. [mutagenic meat]
  3908 | D:10     | Entered Level 10 of the Dungeon
  3950 | D:10     | Lost mutation: You are resistant to hostile enchantments. (MR+) [evolution]
  3999 | D:10     | Reached XP level 11. HP: 84/86 MP: 17/17
  4259 | D:11     | Found Urryg's Magic Scroll Boutique.
  4270 | D:11     | Bought a scroll of blinking for 97 gold pieces
  4270 | D:11     | Bought a scroll of magic mapping for 45 gold pieces
  4277 | D:11     | Noticed a purple ugly thing
  4287 | D:11     | Killed a purple ugly thing
  4287 | D:11     | Reached ****** piety under Cheibriados
  4312 | D:11     | Killed an unseen horror
  4336 | D:11     | Learned a level 6 spell: Statue Form
  4356 | D:11     | Gained mutation: You sometimes gain a little power by taking damage. [demonic ancestry]
  4356 | D:11     | Reached XP level 12. HP: 92/92 MP: 17/21
  4406 | D:11     | Reached skill level 11 in Unarmed Combat
  4422 | D:11     | Found a staircase to the Orcish Mines.
  4422 | D:11     | Noticed a five-headed hydra
  4430 | D:11     | Killed a five-headed hydra
  4433 | D:11     | Noticed a two-headed ogre
  4438 | D:11     | Killed a two-headed ogre
  4603 | D:11     | Reached skill level 5 in Transmutations
  4603 | D:11     | Reached skill level 5 in Earth Magic
  4621 | D:11     | Gained mutation: You have sharp fingernails. [mutagenic meat]
  4622 | D:11     | Gained mutation: Scrolls take you a little longer to read. [mutagenic meat]
  4623 | D:11     | Lost mutation: Scrolls take you a little longer to read. [mutagenic meat]
  4692 | D:12     | Noticed a two-headed ogre
  4700 | D:12     | Killed a two-headed ogre
  5029 | D:12     | Found a basalt altar of Yredelemnul.
  5043 | D:12     | Gained mutation: You are mostly covered in iridescent scales. (AC +4) [demonic ancestry]
  5043 | D:12     | Reached XP level 13. HP: 93/98 MP: 24/24
  5156 | D:12     | Identified the cursed +0 helmet "Intekynu" {*Contam +Inv rF+ Regen+} (You found it on level 12 of the Dungeon)
  5264 | D:13     | Found a labyrinth entrance.
  5302 | Lab      | Entered a labyrinth
  5553 | Lab      | Learned a level 1 spell: Apportation
  5990 | Lab      | Noticed a minotaur
  5998 | Lab      | Killed a minotaur
  6003 | Lab      | Got a slimy chain mail
  6004 | Lab      | Identified the +7 chain mail "Lotegev" {rElec rC+ Regen+} (You found it in a labyrinth)
  6005 | Lab      | Identified the +7 hand crossbow "Zylipt" {penet, Int+3 Dex+8} (You found it in a labyrinth)
  6033 | Lab      | Learned a level 2 spell: Sublimation of Blood
  6096 | D:13     | Gained mutation: Your spells are much harder to cast, but much more powerful. [evolution]
  6187 | D:13     | Identified a scroll of acquirement
  6299 | D:13     | Noticed a storm dragon
  6342 | D:13     | Killed a storm dragon
  6366 | D:13     | Identified the +6 falchion of Invincibility {freeze, rF+ rN+} (You found it on level 13 of the Dungeon)
  6452 | D:14     | Found an opulent altar of Gozag.
  6479 | D:14     | Noticed Josephine
  6489 | D:14     | Killed Josephine
  6603 | D:14     | Found a portal to a secret trove of treasure.
  6686 | Orc:1    | Entered Level 1 of the Orcish Mines
  6694 | Orc:2    | Entered Level 2 of the Orcish Mines
  6821 | Orc:2    | Reached skill level 10 in Spellcasting
  6832 | Orc:2    | Reached XP level 14. HP: 79/105 MP: 18/28
  6855 | Orc:2    | Found Puz Homm's Book Boutique.
  6855 | Orc:2    | Found Ukko Tenk's Antique Armour Emporium.
  6880 | Orc:2    | Found a roughly hewn altar of Beogh.
  6907 | Orc:2    | Found Keari's Armour Boutique.
  6908 | Orc:2    | Found Niamm's Assorted Antiques.
  6942 | Orc:2    | Found a roughly hewn altar of Beogh.
  6951 | Orc:2    | Found Zamac's Antique Armour Shoppe.
  7054 | Orc:2    | Found a staircase to the Elven Halls.
  7113 | Orc:1    | Found Caets's Jewellery Emporium.
  7143 | Orc:1    | Bought the amulet of Vitality {Regen+ HP+15} for 869 gold pieces
  7143 | Orc:1    | Found the amulet of Vitality {Regen+ HP+15}
  7223 | Elf:1    | Entered Level 1 of the Elven Halls
  7285 | Elf:1    | Identified the Volume of Attacks
  7466 | Elf:2    | Reached skill level 10 in Earth Magic
  7473 | Elf:2    | Reached skill level 10 in Transmutations
  7513 | Elf:3    | Entered Level 3 of the Elven Halls
  7542 | Elf:3    | Noticed a deep elf sorcerer
  7546 | Elf:3    | Killed a deep elf sorcerer
  7673 | Elf:3    | Found a frozen archway.
  7678 | IceCv    | Entered an ice cave
  7756 | IceCv    | Noticed an Ice Fiend
  7766 | IceCv    | Killed an Ice Fiend
  7934 | Elf:2    | Noticed a Tzitzimitl
  7940 | Elf:2    | Reached skill level 1 in Translocations
  8016 | Elf:3    | Gained mutation: A meltable icy envelope protects you from harm. (AC +10) [demonic ancestry]
  8016 | Elf:3    | Reached XP level 15. HP: 111/111 MP: 24/29
  8226 | Elf:3    | Noticed a deep elf sorcerer
  8227 | Elf:3    | Killed a deep elf sorcerer
  8227 | Elf:3    | Reached skill level 10 in Invocations
  8235 | Elf:3    | Noticed a deep elf master archer
  8238 | Elf:3    | Noticed a deep elf sorcerer
  8240 | Elf:3    | Killed a deep elf master archer
  8246 | Elf:3    | Killed a deep elf sorcerer
  8246 | Elf:3    | Reached skill level 12 in Unarmed Combat
  8264 | Elf:3    | Noticed a deep elf sorcerer
  8274 | Elf:3    | Killed a deep elf sorcerer
  8344 | Elf:3    | Reached skill level 5 in Translocations
  8416 | Elf:3    | Noticed a deep elf blademaster
  8417 | Elf:3    | Noticed a deep elf sorcerer
  8419 | Elf:3    | Killed a deep elf blademaster
  8426 | Elf:3    | Killed a deep elf sorcerer
  8433 | Elf:3    | Noticed a deep elf sorcerer
  8436 | Elf:3    | Killed a deep elf sorcerer
  8437 | Elf:3    | Noticed a deep elf sorcerer
  8443 | Elf:3    | Noticed a deep elf sorcerer
  8447 | Elf:3    | Killed a deep elf sorcerer
  8447 | Elf:3    | Reached XP level 16. HP: 53/120 MP: 30/30
  8465 | Elf:3    | Identified the cursed ring of Dustapno {rN+++ MR- Str+6 Slay-3 Stlth+} (You found it on level 3 of the Elven Halls)
  8486 | Elf:3    | Noticed a deep elf master archer
  8489 | Elf:3    | Killed a deep elf master archer
  8498 | Elf:3    | Reached skill level 13 in Unarmed Combat
  8520 | Elf:3    | Identified the ring of Joy {*Tele +Inv} (You took it off a deep elf sorcerer on level 3 of the Elven Halls)
  8539 | Elf:3    | Noticed a deep elf master archer
  8544 | Elf:3    | Killed a deep elf master archer
  8586 | Elf:3    | Noticed a deep elf blademaster
  8595 | Elf:3    | Killed a deep elf blademaster
  8605 | Elf:3    | Noticed a Brimstone Fiend
  8667 | Elf:3    | Noticed a deep elf blademaster
  8683 | Elf:3    | Killed a deep elf blademaster
  8684 | Elf:3    | Reached skill level 10 in Fighting
  8706 | Elf:3    | Noticed a deep elf blademaster
  8710 | Elf:3    | Killed a deep elf blademaster
  8731 | Elf:3    | Identified Sif Muna's Incunabulum of Boosting Earth
  8770 | Elf:3    | Noticed a deep elf master archer
  8776 | Elf:3    | Killed a deep elf master archer
  8776 | Elf:3    | Reached skill level 1 in Necromancy
  8803 | Elf:3    | Reached skill level 1 in Charms
  8845 | Elf:3    | Identified the Catalogue of the Known World
  8855 | Elf:3    | Learned a level 5 spell: Silence
  9143 | D:10     | Found a staircase to the Lair.
  9159 | Lair:1   | Entered Level 1 of the Lair of Beasts
  9330 | Lair:3   | Noticed Armakuni's ghost (journeyman HuSu)
  9331 | Lair:3   | Found a stormy altar of Qazlal.
  9335 | Lair:3   | Killed Armakuni's ghost
  9466 | Lair:4   | Found a bloodstained altar of Trog.
  9515 | Lair:3   | Found a staircase to the Swamp.
  9536 | Swamp:1  | Entered Level 1 of the Swamp
  9646 | Swamp:1  | Reached XP level 17. HP: 129/129 MP: 31/31
  9658 | Swamp:1  | Noticed Nikola
  9667 | Swamp:1  | Killed Nikola
  9801 | Swamp:3  | Reached skill level 14 in Unarmed Combat
  9968 | Swamp:4  | Entered Level 4 of the Swamp
  9976 | Swamp:4  | Identified the +5 ring mail of Conscience {rF+ Int+6 Stlth-} (You found it on level 4 of the Swamp)
 10071 | Swamp:4  | Got a decaying rune of Zot
 10447 | Lair:2   | Found a hole to the Spider Nest.
 10460 | Spider:1 | Entered Level 1 of the Spider Nest
 10612 | Spider:1 | Noticed zero's ghost (adept GrBe)
 10620 | Spider:1 | Killed zero's ghost
 10620 | Spider:1 | Reached skill level 10 in Dodging
 10620 | Spider:1 | Reached skill level 1 in Evocations
 10871 | Spider:3 | Noticed Arachne
 10877 | Spider:3 | Killed Arachne
 10877 | Spider:3 | Reached skill level 15 in Unarmed Combat
 10905 | Spider:4 | Entered Level 4 of the Spider Nest
 10919 | Spider:4 | Reached XP level 18. HP: 138/138 MP: 24/32
 11161 | Spider:4 | Reached skill level 5 in Evocations
 11291 | Spider:4 | Got a gossamer rune of Zot
 11739 | D:13     | Found a gate to the Vaults.
 11742 | D:13     | Identified the +1 robe of Bitterness {MR- Str+3} (You found it on level 13 of the Dungeon)
 11746 | Vaults:1 | Entered Level 1 of the Vaults
 11902 | Vaults:2 | Noticed Dominolapin's ghost (adept HaAs)
 11913 | Vaults:2 | Killed Dominolapin's ghost
 12089 | Vaults:2 | Reached XP level 19. HP: 146/146 MP: 28/33
 12100 | Vaults:2 | Reached skill level 16 in Unarmed Combat
 12237 | Vaults:2 | Reached skill level 15 in Invocations
 12660 | Vaults:4 | Found Zaolo's Distillery.
 12668 | Vaults:4 | Bought a potion of curing for 45 gold pieces
 12668 | Vaults:4 | Bought a potion of brilliance for 60 gold pieces
 12668 | Vaults:4 | Bought a potion of curing for 45 gold pieces
 12668 | Vaults:4 | Bought a potion of magic for 120 gold pieces
 12668 | Vaults:4 | Bought 2 potions of brilliance for 120 gold pieces
 12934 | Vaults:4 | Found a radiant altar of Vehumet.
 12943 | Vaults:4 | Identified the +2 robe of the Land of Plenty {Str+4} (You found it on level 4 of the Vaults)
 12948 | Vaults:4 | Found the +0 mask of the Dragon {MR+ Slay+3 SInv}
 12953 | Vaults:4 | Got a shadowed robe
 12976 | Vaults:4 | Lost mutation: You have sharp fingernails. [mutagenic glow]
 12979 | Vaults:4 | Vidiiot: Oooh dragon mask
 13173 | Vaults:3 | Reached skill level 17 in Unarmed Combat
 13303 | Vaults:4 | Lost mutation: You possess an exceptional clarity of mind. [evolution]
 13420 | Vaults:4 | Noticed Margery
 13426 | Vaults:4 | Gained mutation: You resist negative energy. (rN+) [demonic ancestry]
 13426 | Vaults:4 | Reached XP level 20. HP: 156/156 MP: 32/34
 13429 | Vaults:4 | Killed Margery
 13458 | Vaults:5 | Entered Level 5 of the Vaults
 13462 | Vaults:5 | Noticed a golden dragon
 13516 | Vaults:5 | Killed a golden dragon
 13591 | Vaults:5 | Got a serpentine jade ring
 13600 | Vaults:5 | Got a silver rune of Zot
 13627 | Vaults:5 | Identified Oniobu Fare's Collected Works on Helpful Clay
 13721 | Vaults:5 | Noticed an ancient lich
 13738 | Vaults:5 | Killed an ancient lich
 13738 | Vaults:5 | Reached skill level 18 in Unarmed Combat
 13838 | Vaults:5 | Gained mutation: You are completely covered in iridescent scales. (AC +6) [demonic ancestry]
 13838 | Vaults:5 | Reached XP level 21. HP: 164/164 MP: 30/36
 13963 | Vaults:5 | Identified the Compendium of Helpful Necromancy
 14004 | Vaults:5 | Noticed a golden dragon
 14009 | Vaults:5 | Killed a golden dragon
 14094 | Vaults:5 | Found Mudutt's Magic Scroll Shoppe.
 14098 | Vaults:5 | Noticed a golden dragon
 14101 | Vaults:5 | Killed a golden dragon
 14103 | Vaults:5 | Bought a scroll of fog for 40 gold pieces
 14103 | Vaults:5 | Bought a scroll of fog for 40 gold pieces
 14103 | Vaults:5 | Bought 2 scrolls of teleportation for 120 gold pieces
 14103 | Vaults:5 | Bought a scroll of fog for 40 gold pieces
 14134 | Vaults:5 | Found Xogoeg's Magic Scroll Emporium.
 14142 | Vaults:5 | Bought a scroll of blinking for 120 gold pieces
 14142 | Vaults:5 | Bought a scroll of magic mapping for 56 gold pieces
 14142 | Vaults:5 | Bought a scroll of teleportation for 48 gold pieces
 14142 | Vaults:5 | Bought a scroll of magic mapping for 56 gold pieces
 14142 | Vaults:5 | Bought a scroll of fog for 32 gold pieces
 14161 | Vaults:5 | Found Riohor's Magic Scroll Boutique.
 14179 | Vaults:5 | Bought a scroll of fog for 40 gold pieces
 14179 | Vaults:5 | Bought a scroll of teleportation for 60 gold pieces
 14179 | Vaults:5 | Bought a scroll of teleportation for 60 gold pieces
 14235 | Vaults:5 | Paralysed by a floating eye for 3 turns
 14253 | Vaults:5 | Learned a level 8 spell: Controlled Blink
 14268 | Vaults:5 | Identified the Catalogue of the Floating Snowflakes
 14320 | Vaults:4 | Identified the ring "Meal" {+Fly AC+1 Str+7} (You took it off a vault warden on level 5 of the Vaults)
 14434 | Vaults:2 | Found a staircase to the Crypt.
 14439 | Crypt:1  | Entered Level 1 of the Crypt
 14491 | Crypt:1  | Found a transporter.
 14506 | Crypt:1  | Noticed an ancient lich
 14521 | Crypt:1  | Killed an ancient lich
 14526 | Crypt:1  | Reached skill level 19 in Unarmed Combat
 14526 | Crypt:1  | Gained mutation: You sometimes gain power by taking damage. [demonic ancestry]
 14526 | Crypt:1  | Reached XP level 22. HP: 110/173 MP: 37/37
 14526 | Crypt:1  | Gained mutation: Your magical capacity is low. (-10% MP) [a cacodemon]
 14539 | Crypt:1  | Found a transporter.
 14542 | Crypt:1  | Found the ring of the Octopus King
 14546 | Crypt:1  | Got a warped granite ring
 14557 | Crypt:1  | Got a scorched lapis lazuli ring
 14559 | Crypt:1  | Identified the ring "Kimu Yqu" {rF+ MP+9 Int+4} (You found it on level 1 of the Crypt)
 14561 | Crypt:1  | Identified the ring "Reutucya" {*Corrode rPois rC+ rN++ Dex+4} (You found it on level 1 of the Crypt)
 14569 | Crypt:1  | Got a ring of the Octopus King
 14571 | Crypt:1  | Identified a ring of the Octopus King {rC+ AC+1 EV+1 Str+1 Int+1 Dex+1} (You found it on level 1 of the Crypt)
 14736 | Crypt:3  | Entered Level 3 of the Crypt
 14816 | Crypt:3  | Gained mutation: Your natural rate of healing is unusually fast. [evolution]
 15133 | Crypt:3  | Found an ancient bone altar of Kikubaaqudgha.
 15157 | Crypt:3  | Noticed an ancient lich
 15165 | Crypt:3  | Killed an ancient lich
 15175 | Crypt:3  | Learned a level 3 spell: Lesser Beckoning
 15329 | Crypt:3  | Found a staircase to the Tomb.
 15391 | Crypt:3  | Found the +2 ratskin cloak {+Rats rPois rN+ Str-1 Int-1 Dex+1}
 15392 | Crypt:3  | Found the +3 pair of gauntlets of War {Slay+5}
 15480 | Tomb:1   | Entered Level 1 of the Tomb of the Ancients
 15489 | Tomb:1   | Reached skill level 15 in Fighting
 15575 | Tomb:1   | Reached skill level 10 in Translocations
 15604 | Tomb:1   | Noticed a greater mummy
 15611 | Tomb:1   | Killed a greater mummy
 15614 | Tomb:1   | Noticed a greater mummy
 15620 | Tomb:1   | Paralysed by a lich for 5 turns
 15624 | Tomb:1   | HP: 11/247 [death scarab (11)]
 15624 | Tomb:1   | Mangled by a bennu

Vault maps used:
D:1:      minmay_arrival_diagonal_passages, minmay_lizard_king
D:2:      minmay_tromino_v4_c
D:3:      lemuel_upstairs_altar, grunt_temple_overflow_open, uniq_robin
D:4:      serial_shops, shop, cheibrodos_gnoll_hut, uniq_blork_the_orc
D:5:      kennysheep_little_box, first_bread
D:6:      trog_ov_bears_minmay
D:7:      minmay_temple_entry_nine_rooms, enter_bailey_2, uniq_duvessa
D:8:      uniq_psyche
D:9:      minmay_the_grid_triangle_9x9_rhombus_thin_mashed
D:10:     david_lair_shrubbed
D:11:     orc_0_dummy, serial_shops, shop_fountains, david_nohive_1
D:12:     hangedman_abyss_or_decor_passed, lemuel_mausoleum_altar_yredelemnul
D:13:     lemuel_slime, david_vaults_1, lab_entry_generic, minmay_diamond_spiral
D:14:     minmay_misc_feat_nine_boxes, nicolae_trove_entry_crystal, basic_altar,
          uniq_josephine
Lair:1:   minmay_stone_trees_medium, serial_bayou_pond_a, lemuel_oklob_altar
Lair:2:   spider_nest_entry_webs, serial_bayou_pond_b, minivault_24,
          serial_bayou_ford_a, beast_lair_carwin_8
Lair:3:   minmay_swamp_entry_worms, lemuel_centaur_altar
Lair:4:   basic_altar
Swamp:1:  serial_swamp_ruin, evilmike_swamp_ruin_house_1,
          evilmike_swamp_ruin_house_5, swamp_pool1, infiniplex_staircase_pool,
          uniq_nikola
Swamp:2:  evilmike_swamp_ruin_house_6
Swamp:3:  evilmike_swamp_ruin_rubble_2, uniq_donald
Swamp:4:  swamp_alternative, swamp_pool1, water_boxes_lemuel
Spider:1: einodemon_crawler_minivault
Spider:2: hangedman_spider_mandibles
Spider:3: gammafunk_its_a_trap, uniq_arachne
Spider:4: floodkiller_spider_rune_tomb, guppyfry_hornet_nest
Orc:1:    serial_shops, nicolae_shop_trees, chequers_guarded_unrand_ignorance
Orc:2:    st_orc_town, serial_shops, shop, mines2_david
Elf:1:    minmay_elf_annihilation
Elf:2:    nicolae_elf_glass_and_crystal_pillar_2
Elf:3:    nooodl_elf_gasket, portal_ice_cave_entry_pillars_1,
          guppyfry_elf_garden
Vaults:1: grunt_vaults_twisty, vaults_room_glass_cross,
          vaults_mumra_minichess_inversion, vaults_dpeg_ring,
          hangedman_vaults_variations, v_misc_16, hangedman_vaults_trim,
          nicolae_vaults_shelves_hall, ontoclasm_vaults_fault,
          nicolae_vaults_asterisk, uniq_saint_roka
Vaults:2: hangedman_vaults_trim, grunt_vaults_hallway_short,
          ontoclasm_vaults_ring_square, nicolae_vaults_bisected_exclaves,
          nicolae_vaults_ninety_degrees, hangedman_vaults_trim,
          nicolae_vaults_shelves_hall, vaults_standard_mumra_x,
          vaults_room_grid, v_misc_8, nicolae_vaults_specimen_jars,
          hangedman_vaults_slice, minmay_crypt_entry_simple_statues
Vaults:3: vaults_mumra_bighexcomb, nicolae_vaults_hallways_thing, v_pattern_2,
          ontoclasm_vaults_twist, v_rooms_6, grunt_vaults_hallway_short,
          hangedman_vaults_corner, v_rooms_5, ontoclasm_vaults_claustrophobia,
          v_misc_10, nicolae_vaults_shelves_hall
Vaults:4: grunt_tower_of_power, ontoclasm_vaults_spin, ontoclasm_vaults_hangar,
          v_misc_5, nicolae_vaults_little_squares_5, vaults_room_fours,
          vaults_room_semicircle, serial_shops,
          nicolae_shop_temple_entry_statues_fountains, uniq_margery
Crypt:1:  gammafunk_dig_for_victory, st_stairs_13, minivault_4, uniq_aizul
Crypt:2:  basic_altar, eino_tiny_chamber, minivault_27
Crypt:3:  quadcrypt_mu
Lab:      nicolae_lab_plus, lab_block, lab_statue, nicolae_lab_lava,
          labyrinth_skeletal_remains
Bailey:   bailey_axe_minmay_hex_keep, bailey
IceCv:    ice_cave_tombish

Skill      XL: |  1  2  3  4  5  6  7  8  9 10 11 12 13 14 15 16 17 18 19 20 21 22 |
---------------+-------------------------------------------------------------------+-----
Unarmed Combat | 1 2 3 4 5 6 7 9 10 11 12 13 15 17 18 19 | 19.5
Fighting       | 1 2 3 4 5 6 7 8 9 10 11 12 13 14 15 | 15.0
Dodging        | 2 3 4 5 6 7 8 9 10 11 12 13 | 13.8
Invocations    | 2 3 5 7 9 10 12 13 14 16 17 18 | 18.7
Spellcasting   | 6 7 10 11 12 | 12.4
Transmutations | 4 6 8 10 | 10.7
Earth Magic    | 4 6 8 10 | 10.8
Translocations | 1 6 7 8 10 | 10.2
Necromancy     | 3 |  3.0
Charms         | 3 |  3.0
Evocations     | 3 7 8 |  8.5
Stealth        | |  1.7
Conjurations   | |  1.0
Fire Magic     | |  2.6

Action                   |  1- 3 |  4- 6 |  7- 9 | 10-12 | 13-15 | 16-18 | 19-21 | 22-24 || total
-------------------------+-------+-------+-------+-------+-------+-------+-------+-------++-------
Melee: Unarmed           |   109 |   141 |   282 |   373 |   618 |   905 |   718 |   266 ||  3412
       Kick              |    14 |    39 |   111 |   200 |   283 |   429 |   375 |   159 ||  1610
       Punch             |       |     1 |     6 |    27 |    45 |    95 |   102 |    48 ||   324
 Cast: Flame Tongue      |    34 |    36 |    51 |       |       |       |       |       ||   121
       Blink             |       |       |       |     1 |       |       |       |       ||     1
       Statue Form       |       |       |       |       |    30 |    49 |    35 |    15 ||   129
       Regeneration      |       |       |       |       |     1 |    16 |    30 |     7 ||    54
       Apportation       |       |       |       |       |     4 |    50 |    21 |    16 ||    91
       Passage of Golubr |       |       |       |       |       |     4 |     2 |       ||     6
Invok: Slouch            |       |       |     2 |     3 |     9 |     4 |     3 |     2 ||    23
       Temporal Distorti |       |       |       |       |     1 |       |     3 |       ||     4
 Abil: End Transformatio |       |       |       |       |     1 |     1 |       |     1 ||     3
       Evoke Ratskin     |       |       |       |       |       |       |       |     1 ||     1
Evoke: Wand              |       |       |    14 |       |       |     8 |       |     3 ||    25
  Use: Scroll            |     6 |     2 |     7 |     3 |    16 |    20 |     8 |       ||    62
       Potion            |       |     5 |     2 |     2 |     2 |       |     1 |       ||    12
 Stab: Sleeping          |       |       |     1 |       |     2 |     5 |     2 |       ||    10
       Distracted        |       |       |       |       |     1 |     1 |       |       ||     2
       Paralysed         |       |       |       |       |       |     3 |       |       ||     3
  Eat: Chunk             |       |     3 |     1 |    11 |     4 |     8 |    13 |     1 ||    41
       Royal jelly       |       |       |     2 |     2 |     8 |     1 |     1 |       ||    14
       Meat ration       |       |       |       |       |       |     1 |       |       ||     1
       Bread ration      |       |       |       |       |       |     1 |       |     1 ||     2
       Fruit             |       |       |       |       |       |       |     1 |       ||     1
Armor: Ring mail         |    67 |    60 |    63 |    20 |       |       |       |       ||   210
       Robe              |     1 |       |       |       |       |       |       |       ||     1
       Skin              |       |       |     5 |       |   283 |   602 |   340 |   167 ||  1397
       Troll leather arm |       |       |       |    53 |    57 |    18 |     7 |     7 ||   142
Dodge: Dodged            |    92 |    74 |   195 |   331 |   739 |  2450 |  1367 |   670 ||  5918

Table legend:
 A = Spawn XP
 B = Non-spawn XP
 C = Spawn XP percentage of total XP
 D = Spawn monster count
 E = Non-spawn monster count
 F = Spawn count percentage of total count
 G = Total turns spent on level
                    A         B        C        D         E        F      G
               +---------+---------+-------+---------+---------+-------+---------
         Total |       0 |  798720 |   0.0 |       0 |    1500 |   0.0 | 15624
               +---------+---------+-------+---------+---------+-------+---------
           D:1 |       0 |      25 |   0.0 |       0 |      15 |   0.0 |   285
           D:2 |       0 |      40 |   0.0 |       0 |      15 |   0.0 |   300
           D:3 |       0 |     123 |   0.0 |       0 |      34 |   0.0 |   552
           D:4 |       0 |     629 |   0.0 |       0 |      15 |   0.0 |   455
           D:5 |       0 |     388 |   0.0 |       0 |      12 |   0.0 |   364
           D:6 |       0 |     344 |   0.0 |       0 |      11 |   0.0 |   182
           D:7 |       0 |    1100 |   0.0 |       0 |      22 |   0.0 |   455
           D:8 |       0 |    1488 |   0.0 |       0 |      25 |   0.0 |   350
           D:9 |       0 |    3805 |   0.0 |       0 |      17 |   0.0 |   464
          D:10 |       0 |    1637 |   0.0 |       0 |      22 |   0.0 |   386
          D:11 |       0 |    8680 |   0.0 |       0 |      53 |   0.0 |   586
          D:12 |       0 |    5740 |   0.0 |       0 |      42 |   0.0 |   516
          D:13 |       0 |    8931 |   0.0 |       0 |      52 |   0.0 |   566
          D:14 |       0 |   10411 |   0.0 |       0 |      40 |   0.0 |   223
        Lair:1 |       0 |    5474 |   0.0 |       0 |      27 |   0.0 |   147
        Lair:2 |       0 |    1325 |   0.0 |       0 |       7 |   0.0 |   191
        Lair:3 |       0 |    3641 |   0.0 |       0 |      12 |   0.0 |   311
        Lair:4 |       0 |    3658 |   0.0 |       0 |       5 |   0.0 |    59
       Swamp:1 |       0 |    8962 |   0.0 |       0 |      16 |   0.0 |   178
       Swamp:2 |       0 |    3659 |   0.0 |       0 |      12 |   0.0 |   108
       Swamp:3 |       0 |   12960 |   0.0 |       0 |      30 |   0.0 |   215
       Swamp:4 |       0 |   20635 |   0.0 |       0 |      32 |   0.0 |   170
      Spider:1 |       0 |   15482 |   0.0 |       0 |      33 |   0.0 |   418
      Spider:2 |       0 |    1286 |   0.0 |       0 |       4 |   0.0 |    66
      Spider:3 |       0 |   12533 |   0.0 |       0 |      26 |   0.0 |    82
      Spider:4 |       0 |   41407 |   0.0 |       0 |      85 |   0.0 |   499
         Orc:1 |       0 |    1491 |   0.0 |       0 |      16 |   0.0 |   121
         Orc:2 |       0 |    8134 |   0.0 |       0 |      77 |   0.0 |   479
         Elf:1 |       0 |   10428 |   0.0 |       0 |      18 |   0.0 |   334
         Elf:2 |       0 |    6983 |   0.0 |       0 |      12 |   0.0 |    73
         Elf:3 |       0 |  103609 |   0.0 |       0 |      95 |   0.0 |  1168
      Vaults:1 |       0 |   24800 |   0.0 |       0 |      45 |   0.0 |   165
      Vaults:2 |       0 |   43820 |   0.0 |       0 |      64 |   0.0 |   526
      Vaults:3 |       0 |   50840 |   0.0 |       0 |      73 |   0.0 |   447
      Vaults:4 |       0 |   56037 |   0.0 |       0 |      62 |   0.0 |   750
      Vaults:5 |       0 |  169454 |   0.0 |       0 |     143 |   0.0 |   805
       Crypt:1 |       0 |   33323 |   0.0 |       0 |      28 |   0.0 |   148
       Crypt:2 |       0 |   16166 |   0.0 |       0 |      24 |   0.0 |   149
       Crypt:3 |       0 |   56933 |   0.0 |       0 |      67 |   0.0 |   744
        Tomb:1 |       0 |   29132 |   0.0 |       0 |      23 |   0.0 |   144
           Lab |       0 |    1746 |   0.0 |       0 |       5 |   0.0 |   732
        Bailey |       0 |    2408 |   0.0 |       0 |      61 |   0.0 |   501
         IceCv |       0 |    9053 |   0.0 |       0 |      23 |   0.0 |   210
               +---------+---------+-------+---------+---------+-------+---------
